 Dungeon Crawl Stone Soup version 0.27-a0-1136-g0b992a5a9d (webtiles) character file.

Game seed: 16998851924633670067

412413 1player the Earth Mage (level 23, -6/146 HPs)
             Began as a Gargoyle Earth Elementalist on May 3, 2021.
             Was the Champion of Vehumet.
             Hit by a large rock thrown by a stone giant (23 damage)
             ... on level 3 of the Depths on May 4, 2021.
             The game lasted 03:37:07 (83313 turns).

1player the Earth Mage (GrEE)                      Turns: 83313, Time: 03:37:08

Health: -6/146     AC: 48    Str: 13    XL:     23   Next: 53%
Magic:  26/52      EV: 12    Int: 30    God:    Vehumet [******]
Gold:   1645       SH:  6    Dex:  5    Spells: 2/52 levels left

rFire    . . .     SeeInvis +   b - staff of conjuration
rCold    . . .     Faith    .   y - +2 buckler
rNeg     + . .     Spirit   .   X - quicksilver dragon scales
rPois    ∞         Reflect  .   n - +3 hat of Pondering {ponderous, Will+ MP+10 Int+5}
rElec    +         Harm     .   Y - +2 cloak
rCorr    .         Rampage  .   D - +2 pair of gloves
Will     +++..                  C - +2 pair of boots
Stlth    ++........             G - amulet of magic regeneration
HPRegen  0.34/turn              T - ring of wizardry
MPRegen  0.58/turn              B - ring of Fixation {rPois AC+4 Dex-5 SInv Stlth+}

@: sluggish, flying, very slow
A: sickness immunity, AC +17, big wings, negative energy resistance 1,
electricity resistance, torment resistance 1, unbreathing 1, petrification
resistance, screaming 1
}: 2/15 runes: serpentine, barnacled
a: Renounce Religion


You were on level 3 of the Depths.
You worshipped Vehumet.
Vehumet was exalted by your worship.
You visited 9 branches of the dungeon, and saw 40 of its levels.
You visited the Abyss 1 time.
You also visited: Ice Cave and Volcano.

You collected 4171 gold pieces.
You spent 2526 gold pieces at shops.

Inventory:

Hand Weapons
 a - a +5 long sword of electrocution
Missiles
 u - 6 atropa-tipped darts
Armour
 n - the +3 hat of Pondering (worn) {ponderous, Will+ MP+10 Int+5}
   (You found it on level 2 of the Depths)

   It affects your intelligence (+5).
   It affects your magic capacity (+10).
   It increases your willpower.
 y - a +2 buckler (worn)
 C - a +2 pair of boots (worn)
 D - a +2 pair of gloves (worn)
 X - quicksilver dragon scales (worn)
 Y - a +2 cloak (worn)
Magical Staves
 b - a staff of conjuration (weapon)
Jewellery
 c - an amulet of reflection
 i - an amulet of guardian spirit
 z - an amulet of the acrobat
 B - the ring of Fixation (right hand) {rPois AC+4 Dex-5 SInv Stlth+}
   (You found it on level 2 of the Shoals)

   [ring of protection]

   It affects your AC (+4).
   It affects your dexterity (-5).
   It protects you from poison.
   It lets you see invisible.
   It makes you more stealthy.
 E - a ring of resist corrosion
 F - a ring of ice
 G - an amulet of magic regeneration (around neck)
 H - a +4 ring of evasion
 J - a +6 ring of intelligence
 T - a ring of wizardry (left hand)
 Z - a ring of protection from cold
Wands
 t - a wand of paralysis (27)
 v - a wand of mindburst (24)
 M - a wand of flame (81)
 N - a wand of digging (6)
 R - a wand of iceblast (20)
 S - a wand of polymorph (18)
 V - a wand of acid (12)
Scrolls
 e - 3 scrolls of blinking
 h - a scroll of silence {!r}
 j - 5 scrolls of amnesia
 s - a scroll of vulnerability
 w - 4 scrolls of teleportation
 x - 2 scrolls of magic mapping
 A - 17 scrolls of identify {@r1}
 K - 2 scrolls of summoning
 P - 4 scrolls of fear
 U - 4 scrolls of torment
Potions
 f - 15 potions of curing {@q1}
 g - 9 potions of brilliance
 l - 8 potions of lignification
 m - 6 potions of haste
 o - a potion of ambrosia
 p - 3 potions of resistance
 q - 3 potions of attraction
 r - 2 potions of might
 L - 2 potions of berserk rage
 O - 2 potions of heal wounds {@q2}
 Q - 4 potions of mutation {!q}
 W - 4 potions of cancellation


   Skills:
 - Level 15.8 Fighting
 + Level 12.8 Long Blades
 - Level 10.0 Armour
 - Level 10.0 Dodging
 - Level 2.1 Stealth
 - Level 4.0 Shields
 - Level 15.3 Spellcasting
 - Level 18.0 Conjurations
 - Level 0.7 Transmutations
 - Level 12.0 Fire Magic
 - Level 19.1 Earth Magic
 - Level 10.0 Evocations


You had 2 spell levels left.
You knew the following spells:

 Your Spells              Type           Power      Damage    Failure   Level
a - Passwall              Tmut/Erth      58%        N/A       1%          2
c - Fireball              Conj/Fire      53%        3d21      1%          5
d - Starburst             Conj/Fire      53%        8x6d14    1%          6
e - Lehudib's Crystal Sp  Conj/Erth      58%        10d13     1%          8
q - Stone Arrow           Conj/Erth      100%       3d13      0%          3
v - Orb of Destruction    Conj           57%        9d17      1%          7
w - Iron Shot             Conj/Erth      58%        9d11      1%          6
x - Lee's Rapid Deconstr  Erth           47%        3d24*     1%          5
z - Iskenderun's Battles  Conj           100%       2d15      1%          5
A - Swiftness             Air            23%        N/A       4%          3

Your spell library contained the following spells:

 Spells                   Type           Power      Damage    Failure   Level
 Shatter                  Erth           47%        3d36*     16%         9
 Tornado                  Air            11%        N/A       100%        9
 Foxfire                  Conj/Fire      100%       2x1d9     0%          1
 Magic Dart               Conj           100%       1d8       0%          1
 Sandblast                Erth           100%       2d20      0%          1
 Searing Ray              Conj           100%       3d7       0%          2
 Animate Skeleton         Necr           46%        N/A       1%          1
 Beastly Appendage        Tmut           54%        N/A       1%          1
 Corona                   Hex            25%        N/A       1%          1
 Freeze                   Ice            92%        1d10      1%          1
 Pain                     Necr           92%        1d8       1%          1
 Summon Small Mammal      Summ           92%        N/A       1%          1
 Blink                    Tloc           N/A        N/A       2%          2
 Call Imp                 Summ           23%        N/A       2%          2
 Corpse Rot               Necr/Air       N/A        N/A       2%          2
 Slow                     Hex            23%        N/A       2%          2
 Dazzling Flash           Conj/Hex       100%       N/A       1%          3
 Frozen Ramparts          Ice            46%        1d6       1%          3
 Ignite Poison            Fire/Tmut/Pois 48%        N/A       1%          3
 Inner Flame              Hex/Fire       56%        N/A       1%          3
 Fulminant Prism          Conj/Hex       43%        3d20      1%          4
 Hailstorm                Conj/Ice       86%        3d17      1%          4
 Iskenderun's Mystic Bla  Conj/Tloc      86%        2d17      1%          4
 Leda's Liquefaction      Hex/Erth       34%        N/A       1%          4
 Petrify                  Tmut/Erth      70%        N/A       1%          4
 Bolt of Magma            Conj/Fire/Erth 55%        4d22      1%          5
 Irradiate                Conj/Tmut      43%        3d28      1%          5
 Call Canine Familiar     Summ           23%        N/A       4%          3
 Confusing Touch          Hex            23%        N/A       4%          3
 Gell's Gravitas          Tloc           11%        N/A       4%          3
 Lesser Beckoning         Tloc           11%        N/A       4%          3
 Ozocubu's Armour         Ice            23%        N/A       4%          3
 Portal Projectile        Hex/Tloc       46%        N/A       4%          3
 Spider Form              Tmut/Pois      12%        N/A       4%          3
 Summon Guardian Golem    Hex/Summ       23%        N/A       4%          3
 Teleport Other           Tloc           23%        N/A       4%          3
 Vampiric Draining        Necr           11%        2d7       4%          3
 Spellforged Servitor     Conj/Summ      43%        N/A       9%          7
 Yara's Violent Unravell  Hex/Tmut       12%        3d7       10%         5
 Animate Dead             Necr           11%        N/A       16%         4
 Cause Fear               Hex            11%        N/A       16%         4
 Dispel Undead            Necr           23%        3d12      16%         4
 Passage of Golubria      Tloc           N/A        N/A       16%         4
 Summon Ice Beast         Ice/Summ       23%        N/A       16%         4
 Summon Lightning Spire   Summ/Air       23%        N/A       16%         4
 Ignition                 Fire           38%        3d11      19%         8
 Agony                    Necr           23%        N/A       38%         5
 Excruciating Wounds      Necr           11%        N/A       38%         5
 Manifold Assault         Tloc           23%        N/A       38%         5
 Metabolic Englaciation   Hex/Ice        11%        N/A       38%         5
 Silence                  Hex/Air        11%        N/A       38%         5
 Chain Lightning          Conj/Air       43%        N/A       47%         8
 Fire Storm               Conj/Fire      53%        8d13      56%         9
 Invisibility             Hex            23%        N/A       89%         6
 Dragon Form              Tmut           13%        N/A       100%        7
 Malign Gateway           Summ/Tloc      11%        N/A       100%        7
 Discord                  Hex            11%        N/A       100%        8
 Absolute Zero            Ice            11%        ∞         100%        9
 Dragon's Call            Summ           11%        N/A       100%        9
 Sublimation of Blood     Necr           Unusable   N/A       N/A         2
 Statue Form              Tmut/Erth      Unusable   N/A       N/A         6

Dungeon Overview and Level Annotations

Branches:
Dungeon (15/15)            Temple (1/1) D:4            Lair (6/6) D:9
 Shoals (4/4) Lair:4        Snake (4/4) Lair:3        Slime (0/5) Lair:5
    Orc (2/2) D:10            Elf (0/3) Orc:2        Vaults (4/5) D:14
  Crypt (0/3) Vaults:3     Depths (3/5) D:15           Hell (visited)
  IceCv (visited)         Volcano (visited)
    Dis: Hell:1         Geh: Hell:1         Coc: Hell:1         Tar: Hell:1

Altars:
Ashenzari
Cheibriados
Dithmenos
Elyvilon
Fedhas
Gozag
Hepliaklqana
Kikubaaqudgha
Makhleb
Nemelex Xobeh
Okawaru
Qazlal
Ru
Sif Muna
Trog
Uskayaw
Vehumet
Wu Jian
Xom
Yredelemnul
Zin
The Shining One
Beogh
Jiyva

Shops:
D:13 :   Orc:2 :!(!   Vaults:4 **   Depths:1 *(

Portals:
Hell: Lair:6 Depths:1 Depths:2 Depths:3

Annotations:
Shoals:1 3 runed translucent doors, Ogimoj Lile's ghost, adept VSFi
Snake:4 3 runed translucent doors, sastreii's ghost, adept VSBe
Orc:1 2 transporters, Ugacaf Anogg's ghost, journeyman GrFi
Hell Geryon


Innate Abilities, Weirdness & Mutations

You are immune to sickness and miasma.
Your stone body is resilient. (AC +17)
You are immune to poison.
Your large and strong wings let you fly.
You resist negative energy. (rN+)
You are resistant to electric shocks. (rElec)
You are resistant to unholy torment.
You can survive without breathing.
You are immune to petrification.
You occasionally shout uncontrollably at your foes.


Message History

Confirm with . or Enter, or press ? or * to list all spells.
You feel quick.
The stone giant throws a large rock.
The large rock hits you!!
The brown very ugly thing basks in the mutagenic energy from its kin and changes!
The stone giant throws a large rock.
The large rock hits you!!
The purple ugly thing basks in the mutagenic energy from its kin and changes!
The purple very ugly thing basks in the mutagenic energy from its kin and changes!
Blink to where?
Press: ? - help, Dir - move target
As you read the scroll of blinking, it crumbles to dust.
A sun demon comes into view.
The sun demon closely misses you. The sun demon closely misses you.
There is an open door, spattered with blood here.
Casting: Swiftness (mildly dangerous; 4% risk of failure)
Confirm with . or Enter, or press ? or * to list all spells.
Aiming: Iron Shot (safe; 1% risk of failure)
Press: ? - help, Shift-Dir - straight line, f - sun demon
Aim: a sun demon (74% to hit)
You feel a surge of power!
The iron shot hits the sun demon!!!
The sun demon is severely wounded.
You start to feel a little slower.
The sun demon hits you.
You are engulfed in flames!
Casting: Iron Shot (safe; 1% risk of failure)
Confirm with . or Enter, or press ? or * to list all spells.
Aiming: Iron Shot (safe; 1% risk of failure)
Press: ? - help, Shift-Dir - straight line, f/p - sun demon
Aim: a sun demon (severely wounded, 74% to hit)
You feel a surge of power!
The iron shot hits the sun demon!!!
You kill the sun demon!
Vehumet accepts your kill.
You feel your power returning.
A smoke demon comes into view.
You feel sluggish.
The stone giant throws a large rock.
The large rock hits you!
* * * LOW HITPOINT WARNING * * *
The stone giant throws a large rock.
You block the large rock.
The stone giant throws a large rock.
The large rock hits you!
* * * LOW HITPOINT WARNING * * *
The stone giant throws a large rock.
The large rock hits you!!
You die...

#######################
......................#
.............).[.<....#
.........C......@.....#
..##.....u#########...#
####......###.... #...#
...#............. #####
...#.............
...')............
...#.............
...#.[........3..
...#.............


You could see a purple very ugly thing and a stone giant.

Vanquished Creatures
  Frederick (Vaults:1)
  Sojobo (Vaults:1)
  Saint Roka (Vaults:1)
  Nikola (Depths:1)
  A quicksilver dragon (Vaults:1)
  2 liches
  2 sphinxes
  Gastronok (D:8)
  Polyphemus (Shoals:4)
  Agnes (Vaults:1)
  Kirke (Snake:1)
  Ilsuiw (Shoals:4)
  6 nagarajas
  2 fire giants
  3 orc warlords
  3 frost giants
  15 vault wardens
  A spriggan defender (Vaults:1)
  10 ironbound preservers
  5 war gargoyles
  9 very ugly things
  5 stone giants
  2 reapers
  A red draconian (Abyss:2)
  4 entropy weavers
  2 vampire knights
  The ghost of Alarak the Cleaver, a journeyman HOMo of Beogh (D:11)
  5 dire elephants
  Snorg (Lair:4)
  3 merfolk javelineers (Shoals:4)
  An ettin (Depths:3)
  A fire dragon (D:15)
  6 merfolk impalers
  A crystal guardian (Vaults:4)
  10 yaktaur captains
  4 great orbs of eyes
  Fannar (Lair:1)
  Harold (D:8)
  15 naga warriors
  A rakshasa (Depths:2)
  10 hydras
  2 peacekeepers (Vaults:4)
  2 ice dragons (Depths:2)
  7 vault guards
  A spriggan air mage (Depths:2)
  2 salamander tyrants
  9 boulder beetles
  3 ironbound thunderhulks
  11 ironbound frosthearts
  4 ogre magi
  3 merfolk avatars
  26 anacondas
  Erica (D:8)
  22 centaur warriors
  2 catoblepae
  2 death knights
  2 alligator snapping turtles
  5 merfolk aquamancers
  7 death yaks
  4 tengu warriors
  A deep troll shaman (Depths:3)
  2 satyrs
  An orc high priest (Orc:1)
  2 large abominations (Abyss:2)
  6 two-headed ogres
  A vampire mage (Depths:1)
  9 shock serpents
  4 deep troll earth magi (Depths:1)
  16 naga sharpshooters
  7 ironbound beastmasters
  Nergalle (Orc:2)
  A spriggan berserker (Depths:2)
  7 sun demons
  4 hell knights
  2 soul eaters (Depths:2)
  5 skeletal warriors
  5 glowing orange brains
  2 iron trolls (Depths:1)
  32 deep trolls
  7 salamander mystics
  13 sea snakes
  12 naga ritualists
  10 lindwurms
  6 orc knights
  25 harpies
  A deep elf zephyrmancer (D:14)
  3 phantasmal warriors
  17 ironbound convokers
  3 deep elf pyromancers (D:14)
  2 necromancers
  17 wizards
  8 orc sorcerers
  59 ugly things
  6 mana vipers
  9 fauns
  13 salamanders
  An oklob plant (Lair:5)
  15 manticores
  A stone giant zombie (Depths:1)
  9 cyclopes
  12 elephants
  A salamander (shapeshifter) (D:14)
  12 guardian serpents
  11 cane toads
  5 merfolk sirens
  A black mamba (shapeshifter) (D:14)
  24 vault sentinels
  An eye of devastation (shapeshifter) (D:15)
  2 ice statues (IceCv)
  Maurice (D:8)
  20 naga magi
  2 molten gargoyles (Volcano)
  39 black mambas
  3 smoke demons
  A gargoyle (D:12)
  5 water nymphs
  A stone giant skeleton (Vaults:3)
  An orange demon (Lair:6)
  A kobold demonologist (D:11)
  A freezing wraith (D:15)
  An efreet (D:14)
  6 komodo dragons
  39 yaktaurs
  4 tengu conjurers
  4 rime drakes
  12 ice devils
  4 red devils
  19 merfolk
  2 polar bears
  A jumping spider (Vaults:3)
  A meliai (D:15)
  6 trolls
  7 wind drakes (Shoals:4)
  A hydra skeleton (Abyss:2)
  Prince Ribbit (D:7)
  13 blink frogs
  A raiju (Abyss:2)
  An elf zombie (Vaults:3)
  17 snapping turtles
  A deep troll zombie (Depths:1)
  45 slime creatures
  4 dream sheep (Lair:6)
  7 water elementals
  2 tarantellas
  An ettin skeleton (Vaults:3)
  3 redbacks
  4 wraiths
  4 vampires
  A hog (Lair:3)
  12 fire bats
  42 yaks
  2 wyverns
  4 basilisks
  Grum (D:8)
  A chaos spawn (Abyss:2)
  2 steam dragons
  4 small abominations (Abyss:2)
  Menkaure (D:5)
  13 water moccasins
  5 wargs
  43 nagas
  3 acid dragons
  5 hell hounds
  A floating eye (D:15)
  34 orc warriors
  A hornet zombie (D:7)
  3 ice beasts
  4 black bears
  20 wolves
  2 sky beasts
  16 centaurs
  5 boggarts
  10 ogres
  3 human zombies
  The ghost of ma3 the Conjurer, an amateur OpCj of Ashenzari (D:4)
  17 bullfrogs
  A gnoll sergeant (D:6)
  A wyvern skeleton (D:5)
  8 killer bees
  9 electric eels
  A howler monkey (D:14)
  6 lava snakes (Volcano)
  5 centaur zombies
  3 hounds
  5 jellies
  15 orc priests
  A bullfrog skeleton (D:7)
  Crazy Yiuf (D:2)
  6 iguanas
  An iron imp (Abyss:2)
  32 orc wizards
  A killer bee zombie (D:7)
  Robin (D:1)
  A howler monkey zombie (D:9)
  2 adders
  11 gnolls
  A shadow imp (D:6)
  8 white imps
  7 ufetubi
  An adder skeleton (D:4)
  3 worms
  The ghost of tsouns the Sneak, a weakling DsDe (D:5)
  5 dart slugs
  70 orcs
  14 endoplasms
  2 giant cockroaches
  9 hobgoblins
  14 jackals
  14 kobolds
  3 quokkas
  5 ball pythons
  5 bats
  5 frilled lizards
  14 goblins
  5 rats
  2 butterflies (Vaults:1)
1513 creatures vanquished.

Vanquished Creatures (collateral kills)
  An iguana (D:7)
1 creature vanquished.

Vanquished Creatures (others)
  A draconian knight (Vaults:1)
  A yaktaur (Vaults:1)
  5 white imps (IceCv)
  2 ufetubi (IceCv)
  A fulminant prism (Lair:1)
  42 fungi
  92 plants
  10 starspawn tentacles (Abyss:2)
  4 tentacles (Shoals:2)
  12 toadstools (D:3)
170 creatures vanquished.

Grand Total: 1684 creatures vanquished

Notes
Turn   | Place    | Note
-------+----------+-------------------------------------------
     0 | D:1      | 1player the Gargoyle Earth Elementalist began the quest for
                  | the Orb.
     0 | D:1      | Reached XP level 1. HP: 10/10 MP: 3/3
   111 | D:1      | Reached skill level 1 in Fighting
   205 | D:1      | Reached XP level 2. HP: 17/17 MP: 5/5
   795 | D:2      | Noticed Robin
   952 | D:2      | Reached XP level 3. HP: 17/22 MP: 2/6
   955 | D:2      | Learned a level 2 spell: Passwall
  1224 | D:2      | Found a faded altar of an unknown god.
  1483 | D:1      | Killed Robin
  1484 | D:1      | Reached XP level 4. HP: 17/29 MP: 1/7
  1887 | D:2      | Found a shimmering altar of Xom.
  2667 | D:2      | Reached XP level 5. HP: 24/34 MP: 3/8
  3009 | D:2      | Reached skill level 5 in Fighting
  3115 | D:2      | Found a runed translucent door.
  3117 | D:2      | Noticed Crazy Yiuf
  3592 | D:3      | Reached skill level 1 in Shields
  3592 | D:3      | Reached XP level 6. HP: 35/41 MP: 0/9
  4814 | D:3      | Found a broken altar of Ashenzari.
  5111 | D:4      | Found a staircase to the Ecumenical Temple.
  5159 | Temple   | Entered the Ecumenical Temple
  5484 | Temple   | Became a worshipper of Vehumet
  5611 | D:4      | Noticed a sky beast
  5628 | D:4      | Killed a sky beast
  5629 | D:4      | Reached skill level 4 in Earth Magic
  5629 | D:4      | Reached XP level 7. HP: 46/46 MP: 3/10
  5904 | D:4      | Reached skill level 5 in Earth Magic
  5948 | D:4      | Found a runed translucent door.
  5997 | D:4      | Found a runed translucent door.
  5999 | D:4      | Noticed ma3's ghost (amateur OpCj)
  6018 | D:4      | Killed ma3's ghost
  6019 | D:4      | Reached skill level 6 in Earth Magic
  6019 | D:4      | Reached skill level 1 in Conjurations
  6293 | D:4      | Learned a level 2 spell: Searing Ray
  6885 | D:5      | Entered Level 5 of the Dungeon
  7077 | D:5      | Found a runed translucent gate.
  7077 | D:5      | Found a runed translucent gate.
  7078 | D:5      | Noticed tsouns's ghost (weakling DsDe)
  7079 | D:5      | Found a runed translucent gate.
  7314 | D:5      | Killed tsouns's ghost
  7495 | D:5      | Reached XP level 8. HP: 37/51 MP: 11/11
  7618 | D:5      | Reached * piety under Vehumet
  7618 | D:5      | Offered knowledge of Foxfire by Vehumet.
  7619 | D:5      | Reached skill level 5 in Conjurations
  8210 | D:5      | Reached skill level 1 in Armour
  8287 | D:5      | Noticed Menkaure
  8297 | D:5      | Killed Menkaure
  8640 | D:5      | Learned a level 3 spell: Stone Arrow
  9044 | D:6      | Noticed a yak
  9045 | D:6      | Noticed a yak
  9045 | D:6      | Noticed a yak
  9062 | D:6      | Killed a yak
  9063 | D:6      | Reached skill level 5 in Armour
  9063 | D:6      | Reached XP level 9. HP: 46/55 MP: 4/12
  9451 | D:6      | Noticed a cyclops
  9476 | D:6      | Killed a cyclops
 10742 | D:7      | Reached skill level 7 in Earth Magic
 11108 | D:7      | Reached XP level 10. HP: 58/64 MP: 6/13
 11175 | D:7      | Noticed Prince Ribbit
 11194 | D:7      | Killed Prince Ribbit
 11195 | D:7      | Reached skill level 8 in Earth Magic
 11699 | D:8      | Noticed Gastronok
 12071 | D:8      | Noticed Grum
 12294 | D:8      | Offered knowledge of Freeze by Vehumet.
 12410 | D:8      | Killed Grum
 12411 | D:8      | Reached skill level 5 in Spellcasting
 12430 | D:8      | Killed Gastronok
 12431 | D:8      | Reached skill level 9 in Earth Magic
 12514 | D:8      | Noticed Erica
 12527 | D:8      | Killed Erica
 12528 | D:8      | Reached XP level 11. HP: 50/71 MP: 1/20
 12696 | D:8      | Noticed Maurice
 12737 | D:8      | Noticed Harold
 12768 | D:8      | Killed Harold
 12769 | D:8      | Reached skill level 10 in Earth Magic
 12938 | D:8      | Killed Maurice
 12939 | D:8      | Reached skill level 10 in Fighting
 13065 | D:8      | Identified a scroll of acquirement
 13066 | D:8      | Acquired a book of Power
 13076 | D:8      | Learned a level 5 spell: Lee's Rapid Deconstruction
 13082 | D:8      | Learned a level 5 spell: Iskenderun's Battlesphere
 13156 | D:8      | Reached ** piety under Vehumet
 14535 | D:9      | Found a staircase to the Lair.
 14663 | D:10     | Entered Level 10 of the Dungeon
 14676 | D:10     | Identified the +1 chain mail of Suku {Str+4 Dex+3}
 14878 | D:10     | Found a staircase to the Orcish Mines.
 15188 | D:10     | Offered knowledge of Frozen Ramparts by Vehumet.
 15446 | D:11     | Found a runed translucent gate.
 15446 | D:11     | Found a runed translucent gate.
 15446 | D:11     | Found a runed translucent gate.
 15446 | D:11     | Noticed Alarak's ghost (journeyman HOMo)
 15792 | D:11     | Noticed a soul eater
 15932 | D:11     | Reached skill level 10 in Conjurations
 16083 | D:11     | Noticed a five-headed hydra
 16088 | D:11     | Killed a five-headed hydra
 16089 | D:11     | Reached XP level 12. HP: 77/77 MP: 13/24
 16507 | Lair:1   | Entered Level 1 of the Lair of Beasts
 16514 | Lair:1   | Learned a level 4 spell: Fulminant Prism
 16681 | Lair:1   | Reached *** piety under Vehumet
 17022 | Lair:1   | Reached skill level 10 in Spellcasting
 17315 | Lair:1   | Noticed Fannar
 17829 | Lair:2   | Offered knowledge of Sticky Flame by Vehumet.
 18582 | Lair:3   | Found a dark tunnel.
 18591 | Volcano  | Entered a volcano
 18816 | Volcano  | Found a bloodstained altar of Trog.
 18816 | Volcano  | Noticed a sun demon
 18837 | Volcano  | Reached skill level 11 in Earth Magic
 18841 | Volcano  | Killed a sun demon
 19145 | Volcano  | Noticed a hell knight
 19150 | Volcano  | Killed a hell knight
 19378 | Lair:3   | Noticed a four-headed hydra
 19383 | Lair:3   | Killed a four-headed hydra
 19383 | Lair:3   | Reached **** piety under Vehumet
 19531 | Lair:3   | Reached skill level 12 in Earth Magic
 19536 | Lair:3   | Reached XP level 13. HP: 82/82 MP: 5/27
 20082 | Lair:3   | Found a burning altar of Makhleb.
 20339 | Lair:3   | Found a staircase to the Snake Pit.
 20605 | Lair:3   | Learned a level 6 spell: Iron Shot
 20800 | Lair:3   | Offered knowledge of Lightning Bolt by Vehumet.
 21317 | Lair:4   | Found a staircase to the Shoals.
 21487 | Lair:4   | Noticed Snorg
 21494 | Lair:4   | Killed Snorg
 22905 | Lair:5   | Reached skill level 13 in Earth Magic
 23063 | Lair:5   | Found a runed translucent door.
 23063 | Lair:5   | Found a viscous altar of Jiyva.
 23065 | Lair:5   | Found a staircase to the Slime Pits.
 24044 | Lair:6   | Entered Level 6 of the Lair of Beasts
 24335 | Lair:6   | Reached ***** piety under Vehumet
 24636 | Lair:6   | Offered knowledge of Irradiate by Vehumet.
 24642 | Lair:6   | Gained mutation: Your large and strong wings let you fly.
                  | [Gargoyle growth]
 24642 | Lair:6   | Reached XP level 14. HP: 91/91 MP: 2/28
 24770 | Lair:6   | Learned a level 5 spell: Irradiate
 25040 | Lair:6   | Reached skill level 14 in Earth Magic
 26215 | Lair:6   | Noticed a dire elephant
 26220 | Lair:6   | Killed a dire elephant
 26434 | Lair:6   | Cast into level 2 of the Abyss (a wizard)
 26436 | Abyss:2  | Found a corrupted altar of Lugonu.
 26493 | Abyss:2  | Noticed a tentacled starspawn
 26565 | Abyss:2  | Noticed a red draconian
 26580 | Abyss:2  | Killed a red draconian
 26592 | Abyss:2  | Noticed a tentacled starspawn
 27165 | Abyss:2  | Noticed a tentacled starspawn
 27182 | Lair:6   | Escaped the Abyss
 27241 | Lair:6   | Found a burning altar of Makhleb.
 27562 | Lair:6   | Found a gateway to Hell.
 27680 | Hell     | Entered the Vestibule of Hell
 27680 | Hell     | Noticed Geryon
 28225 | D:12     | Found a frozen archway.
 28234 | IceCv    | Entered an ice cave
 28646 | IceCv    | Identified the +0 hat of the Maze {Fly rF- MP-9 Int+7}
 28818 | IceCv    | Reached skill level 15 in Conjurations
 29032 | IceCv    | Noticed a reaper
 29078 | IceCv    | Killed a reaper
 29912 | D:12     | Offered knowledge of Fireball by Vehumet.
 29931 | D:12     | Reached XP level 15. HP: 88/100 MP: 5/29
 29937 | D:12     | Learned a level 5 spell: Fireball
 31348 | D:13     | Found Donkul's Book Shop.
 32166 | Orc:1    | Entered Level 1 of the Orcish Mines
 32275 | Orc:1    | Found a transporter.
 32280 | Orc:1    | Noticed Ugacaf Anogg's ghost (journeyman GrFi)
 32488 | Orc:1    | Found a transporter.
 32672 | Orc:1    | Noticed an orc warlord
 32916 | D:10     | Killed an orc warlord
 34536 | Orc:2    | Entered Level 2 of the Orcish Mines
 34739 | Orc:2    | Found a staircase to the Elven Halls.
 35053 | Orc:2    | Noticed an orc warlord
 35057 | Orc:2    | Killed an orc warlord
 35058 | Orc:2    | Reached skill level 5 in Fire Magic
 35795 | Orc:2    | Found a radiant altar of Vehumet.
 36246 | Orc:2    | Noticed Nergalle
 36270 | Orc:2    | Killed Nergalle
 36484 | Orc:2    | Found an ancient bone altar of Kikubaaqudgha.
 36547 | Orc:2    | Found Ahowk's Antique Weapon Boutique.
 36548 | Orc:2    | Found Poniag's Distillery.
 36590 | Orc:2    | Found Ugizeadudd's Book Shop.
 36592 | Orc:2    | Bought a potion of might for 64 gold pieces
 36638 | Orc:2    | Found Yqedefaa's Distillery.
 36647 | Orc:2    | Bought a potion of resistance for 130 gold pieces
 36647 | Orc:2    | Bought a potion of experience for 650 gold pieces
 36647 | Orc:2    | Bought a potion of berserk rage for 65 gold pieces
 36647 | Orc:2    | Bought a potion of invisibility for 104 gold pieces
 36659 | Orc:2    | Found Zikeq's Weapon Emporium.
 36946 | D:13     | Bought a book of Annihilations for 1435 gold pieces
 37773 | D:14     | Reached skill level 5 in Dodging
 38707 | D:14     | Offered knowledge of Conjure Ball Lightning by Vehumet.
 39289 | D:14     | Found a gate to the Vaults.
 39343 | D:14     | Reached XP level 16. HP: 106/106 MP: 30/30
 39365 | D:15     | Entered Level 15 of the Dungeon
 39396 | D:15     | Reached XP level 17. HP: 78/111 MP: 14/31
 40528 | D:14     | Reached skill level 10 in Dodging
 40672 | D:15     | Found a staircase to the Depths.
 41327 | D:14     | Reached skill level 15 in Earth Magic
 41418 | D:15     | Paralysed by a floating eye for 4 turns
 41784 | D:15     | Identified the +3 leather armour of Curiosity {Dex+4}
 42393 | D:14     | Gained mutation: You occasionally shout uncontrollably at
                  | your foes. [mutagenic glow]
 43034 | D:15     | Reached skill level 16 in Earth Magic
 43314 | D:15     | Offered knowledge of Freezing Cloud by Vehumet.
 43838 | D:2      | Killed Crazy Yiuf
 44141 | D:11     | Killed Alarak's ghost
 44617 | Snake:1  | Entered Level 1 of the Snake Pit
 44626 | Snake:1  | Reached skill level 1 in Long Blades
 46000 | Snake:1  | Identified the +1 leather armour "Upemn" {rPois}
 46028 | Snake:1  | Reached skill level 5 in Long Blades
 46298 | Snake:1  | Noticed Kirke
 46433 | Snake:1  | Killed Kirke
 46581 | Snake:1  | Reached XP level 18. HP: 116/116 MP: 15/32
 49325 | Snake:2  | Acquired a staff of earth
 50507 | Snake:2  | Upgraded the game from 0.27-a0-1123-g2f9bb313c0 to
                  | 0.27-a0-1136-g0b992a5a9d
 50520 | Snake:3  | Learned a level 6 spell: Starburst
 51226 | Snake:3  | Offered knowledge of Ozocubu's Refrigeration by Vehumet.
 52845 | Snake:4  | Entered Level 4 of the Snake Pit
 53878 | Snake:4  | Reached skill level 10 in Armour
 54267 | Snake:4  | Acquired an amulet of magic regeneration
 54518 | Snake:4  | Reached XP level 19. HP: 121/121 MP: 7/34
 54846 | Snake:4  | Noticed sastreii's ghost (adept VSBe)
 54847 | Snake:4  | Found a runed translucent gate.
 54847 | Snake:4  | Found a runed translucent gate.
 54847 | Snake:4  | Found a runed translucent gate.
 55507 | Snake:4  | Reached ****** piety under Vehumet
 55646 | Snake:4  | Offered knowledge of Eringya's Noxious Bog by Vehumet.
 55821 | Snake:4  | Learned a level 7 spell: Orb of Destruction
 56842 | Snake:4  | Got a serpentine rune of Zot
 57044 | Shoals:1 | Entered Level 1 of the Shoals
 57635 | Shoals:1 | Found a runed translucent gate.
 57636 | Shoals:1 | Found a runed translucent gate.
 57637 | Shoals:1 | Found a runed translucent gate.
 57637 | Shoals:1 | Noticed Ogimoj Lile's ghost (adept VSFi)
 58835 | Shoals:2 | Identified the ring of Fixation {rPois AC+4 Dex-5 SInv
                  | Stlth+}
 59460 | Shoals:3 | Offered knowledge of Eringya's Noxious Bog by Vehumet.
 60027 | Shoals:3 | Identified the +4 whip of Pomijesi {drain, Str+2 Dex+2}
 60040 | Shoals:3 | Identified the +6 tower shield of the Last Villages {rC+}
 60170 | Shoals:3 | Identified the Grimoire of Supportive Shape Shifting
 60221 | Shoals:3 | Acquired a staff of conjuration
 60248 | Shoals:3 | Reached XP level 20. HP: 114/127 MP: 29/38
 60453 | Shoals:4 | Entered Level 4 of the Shoals
 60460 | Shoals:4 | Reached skill level 1 in Evocations
 60785 | Shoals:4 | Noticed Polyphemus
 60791 | Shoals:4 | Killed Polyphemus
 61335 | Shoals:4 | Reached skill level 10 in Fire Magic
 62037 | Shoals:4 | Identified the Disquisition on Bewitchment and the Escort
 62225 | Shoals:4 | Reached skill level 5 in Evocations
 62841 | Shoals:4 | Identified the +10 chain mail "Arijigg" {Str+3}
 63105 | Shoals:4 | Noticed Ilsuiw
 63437 | Shoals:4 | Killed Ilsuiw
 63948 | Shoals:4 | Got a barnacled rune of Zot
 64162 | Lair:1   | Killed Fannar
 64471 | Vaults:1 | Entered Level 1 of the Vaults
 64975 | Vaults:1 | Noticed Sojobo
 65091 | Vaults:1 | Noticed Saint Roka
 65097 | Vaults:1 | Offered knowledge of Shatter by Vehumet.
 65097 | Vaults:1 | Offered knowledge of Tornado by Vehumet.
 65097 | Vaults:1 | Killed Saint Roka
 65528 | Vaults:1 | Noticed Frederick
 65535 | Vaults:1 | Killed Sojobo
 65537 | Vaults:1 | Killed Frederick
 65567 | Vaults:1 | HP: 6/127 [green draconian knight/shard of ice (28)]
 66188 | Vaults:1 | Noticed Agnes
 66191 | Vaults:1 | Killed Agnes
 66358 | Vaults:1 | Found a huge runed gate.
 66358 | Vaults:1 | Found a huge runed gate.
 66358 | Vaults:1 | Found a huge runed gate.
 66359 | Vaults:1 | Found a huge runed gate.
 66359 | Vaults:1 | Found a huge runed gate.
 66359 | Vaults:1 | Found a huge runed gate.
 66360 | Vaults:1 | Found a huge runed gate.
 66360 | Vaults:1 | Found a huge runed gate.
 66360 | Vaults:1 | Found a huge runed gate.
 66360 | Vaults:1 | Found a huge runed gate.
 66363 | Vaults:1 | Found a huge runed gate.
 66363 | Vaults:1 | Found a huge runed gate.
 66363 | Vaults:1 | Found a huge runed gate.
 66363 | Vaults:1 | Found a huge runed gate.
 66363 | Vaults:1 | Found a huge runed gate.
 66363 | Vaults:1 | Found a huge runed gate.
 66364 | Vaults:1 | Found a huge runed gate.
 66365 | Vaults:1 | Found a huge runed gate.
 66366 | Vaults:1 | Found a huge runed gate.
 66374 | Vaults:1 | Found a huge runed gate.
 66374 | Vaults:1 | Found a huge runed gate.
 66374 | Vaults:1 | Found a huge runed gate.
 66374 | Vaults:1 | Found a huge runed gate.
 66374 | Vaults:1 | Found a huge runed gate.
 66374 | Vaults:1 | Found a huge runed gate.
 66375 | Vaults:1 | Found a huge runed gate.
 66376 | Vaults:1 | Found a huge runed gate.
 66377 | Vaults:1 | Found a huge runed gate.
 66386 | Vaults:1 | Found a huge runed gate.
 66386 | Vaults:1 | Found a huge runed gate.
 66386 | Vaults:1 | Found a huge runed gate.
 66386 | Vaults:1 | Found a huge runed gate.
 66386 | Vaults:1 | Found a huge runed gate.
 66386 | Vaults:1 | Found a huge runed gate.
 66387 | Vaults:1 | Found a huge runed gate.
 66388 | Vaults:1 | Found a huge runed gate.
 66465 | Vaults:1 | HP: 6/127 [yaktaur captain/bolt (9)]
 67103 | Vaults:1 | Reached XP level 21. HP: 100/132 MP: 28/39
 69923 | Vaults:2 | Learned a level 8 spell: Lehudib's Crystal Spear
 70413 | Vaults:2 | Reached skill level 15 in Fighting
 72003 | Vaults:2 | Reached skill level 15 in Spellcasting
 72341 | Vaults:2 | Reached skill level 10 in Evocations
 73525 | Vaults:3 | Reached skill level 17 in Earth Magic
 74063 | Vaults:3 | Learned a level 3 spell: Swiftness
 74115 | Vaults:3 | Reached XP level 22. HP: 140/140 MP: 32/41
 74962 | Vaults:3 | Reached skill level 18 in Earth Magic
 75690 | Vaults:3 | Found a staircase to the Crypt.
 76163 | Vaults:3 | Reached skill level 19 in Earth Magic
 76836 | Vaults:4 | Identified the +0 tower shield of Refuge {rF+ Int+4}
 78625 | Vaults:4 | Reached skill level 10 in Long Blades
 78956 | Vaults:4 | Found Ugisk's General Store.
 78970 | Vaults:4 | Bought a scroll of teleportation for 39 gold pieces
 78970 | Vaults:4 | Bought a scroll of teleportation for 39 gold pieces
 79516 | Vaults:4 | Found Kurigal's Assorted Antiques.
 79841 | Depths:1 | Entered Level 1 of the Depths
 80015 | Depths:1 | Noticed Nikola
 80054 | Depths:1 | Killed Nikola
 80356 | Depths:1 | Reached XP level 23. HP: 144/144 MP: 35/42
 80850 | Depths:1 | Found Itya's Assorted Antiques.
 80858 | Depths:1 | Found Qair's Antique Weapon Shoppe.
 81066 | Depths:1 | Found a radiant altar of Vehumet.
 81824 | Depths:2 | Found the +3 hat of Pondering {ponderous, Will+ MP+10
                  | Int+5}
 83313 | Depths:3 | Hit by a large rock thrown by a stone giant

Illustrated notes

Levels and vault maps discovered:
D:1:      saegor_arrival_simple_e, layout_rooms
D:2:      layout_loops_corners, basic_ecumenical_altar, basic_altar,
          st_stairs_3, minmay_liquid_box, uniq_crazy_yiuf_cottage, uniq_robin
D:3:      cheibrodos_fertilizer, layout_loops_corners, old_standard_altar
D:4:      layout_basic, minmay_temple_entry_glassed_door, ebering_ghost_sewer_f
D:5:      layout_basic, ebering_ghost_rock_garden, minmay_quadrilaterals,
          uniq_menkaure
D:6:      layout_rooms
D:7:      layout_basic, nicolae_water_bricks, uniq_prince_ribbit1
D:8:      layout_loops_ring, uniq_harold, uniq_maurice, uniq_erica, uniq_grum,
          uniq_gastronok
D:9:      layout_rooms, dpeg_oklobed_lair, grunt_ministairs_9
D:10:     layout_roguey, orc_0_dummy
D:11:     layout_loops_ring, ebering_ghost_rock_garden, item_on_display_b
D:12:     layout_grid_maze, portal_ice_cave_entry_pillars_1
D:13:     layout_long_grid, serial_shops, shop
D:14:     layout_roguey, skrybe_vaults_entry_preservation, minmay_holes,
          hangedman_decor_lopped
D:15:     grunt_enter_depths_giant_problem, layout_gridville,
          gauntlet_entry_generic, onia_ninara_cookie
Temple:   roderic_octagonal_lattice_temple
Lair:1:   layout_gridlike, lemuel_fruit_tree, uniq_fannar
Lair:2:   layout_cave_pods
Lair:3:   layout_regular_city, dummy_snake_entry, nicolae_volcano_entry_hallway,
          basic_altar, st_stairs_4
Lair:4:   layout_gridlike, minmay_shoals_entry_centaurs, serial_bayou_crossing,
          uniq_snorg
Lair:5:   layout_cave_pods, slime_altar_2
Lair:6:   evil_forest, layout_loops_ring, grunt_megastairs_5
Shoals:1: layout_shoals, ebering_ghost_rock_garden
Shoals:2: layout_shoals, nicolae_shoals_seven_spires
Shoals:3: layout_shoals
Shoals:4: shoals_end_grunt_ice, layout_shoals, shoals_ilsuiw_alternative,
          nicolae_shoals_arrival_archipelago, uniq_polyphemus
Snake:1:  layout_basic, grunt_megastairs_3, uniq_kirke
Snake:2:  layout_layer_cave, nicolae_snake_shapes
Snake:3:  layout_basic
Snake:4:  grunt_snake_rune_serpentine_throne, layout_gridlike,
          gammafunk_ghost_split, serial_bayou_shore_b, grunt_megastairs_1
Orc:1:    orc_temple, layout_caves, gammafunk_ghost_stat_death
Orc:2:    kennysheep_orc_mage_school, layout_caves, basic_altar, serial_shops,
          shop
Vaults:1: vaults_not_door_vault_mu, nicolae_vaults_sealed_display,
          ontoclasm_vaults_hangar, dpeg_vaults_monster_row,
          vaults_mumra_minichess_inversion, v_misc_18, sword_in_stone,
          grunt_vaults_hallway_short, vaults_room_grunt_arrival_ludios,
          v_misc_32, layout_vaults_omnigrid, uniq_saint_roka
Vaults:2: ontoclasm_vaults_chip, v_rooms_1, nicolae_vaults_gold_heap, v_misc_12,
          vaults_dpeg_spiral, ontoclasm_vaults_ring_square,
          nicolae_vaults_c_with_doors, v_misc_4, ontoclasm_vaults_idyll,
          v_rooms_3, v_rooms_4, ontoclasm_vaults_pinch, ontoclasm_vaults_twist,
          layout_vaults_big_cross
Vaults:3: v_misc_33, minmay_crypt_entry_vampire_xt,
          vaults_room_grunt_arrival_checkpoint, hangedman_vaults_variations,
          nicolae_vaults_network_quincunx
          [nicolae_vaults_network_quincunx_subvault,
          nicolae_vaults_network_quincunx_subvault,
          nicolae_vaults_network_quincunx_subvault,
          nicolae_vaults_network_quincunx_subvault,
          nicolae_vaults_network_quincunx_subvault], hangedman_vaults_pinch,
          vaults_mumra_hexcomb, vaults_dpeg_cross,
          nicolae_vaults_diagonal_hallway_6, v_misc_22, layout_vaults_omnibox
Vaults:4: hangedman_vaults_trim, v_pattern_1, hangedman_vaults_stagger,
          nicolae_vaults_diagonal_hallway_7, nicolae_vaults_twisting_passages,
          hangedman_vaults_river_flow, ontoclasm_vaults_misaligned,
          layout_vaults_big_room, serial_shops, nicolae_shop_stone, shop
Depths:1: layout_cave_pools, pf_coc_iceberg, vehumet_altar_wand_db,
          minmay_shop_star, uniq_nikola
Depths:2: impenetrable_vault, layout_honeycomb, kennysheep_pointless_box,
          hellmouth_1
Depths:3: minmay_distorted_concentric_squares, layout_gridville,
          chequers_serial_rivers_micro_d, hellmouth_3, serial_shops,
          nicolae_shop_waterfront, abyss_entry, rand_demon_pan_entry_1,
          minmay_staircase_bubble, uniq_sojobo
Hell

Skill      XL: |  1  2  3  4  5  6  7  8  9 10 11 12 13 14 15 16 17 18 19 20 21 22 23 |
---------------+----------------------------------------------------------------------+-----
Fighting       | 1 2 3 4 6 8 9 10 11 13 14 15 | 15.8
Shields        | 1 4 |  4.0
Earth Magic    | 4 6 7 9 10 12 13 14 16 17 19 | 19.1
Conjurations   | 4 6 8 10 12 13 15 16 18 | 18.0
Armour         | 5 6 10 | 10.0
Spellcasting   | 6 8 10 11 14 15 | 15.3
Fire Magic     | 6 9 12 | 12.0
Dodging        | 8 10 | 10.0
Long Blades    | 6 11 12 | 12.8
Evocations     | 8 10 | 10.0
Stealth        | |  2.1
Transmutations | |  0.7

Action                   |  1- 3 |  4- 6 |  7- 9 | 10-12 | 13-15 | 16-18 | 19-21 | 22-24 || total
-------------------------+-------+-------+-------+-------+-------+-------+-------+-------++-------
Melee: Short sword       |    73 |   224 |    40 |    57 |   127 |    12 |       |       ||   533
       Spear             |       |    18 |    51 |    25 |   124 |    23 |       |       ||   241
       Long sword        |       |       |       |       |       |   110 |   136 |    77 ||   323
       Staff             |       |       |       |       |       |     1 |    13 |     2 ||    16
 Cast: Sandblast         |    35 |    49 |    67 |    20 |     3 |       |       |       ||   174
       Searing Ray       |       |       |    29 |    32 |     2 |       |       |       ||    63
       Stone Arrow       |       |       |       |   143 |   534 |   194 |   118 |    19 ||  1008
       Lee's Rapid Decon |       |       |       |    17 |    81 |    92 |   193 |    76 ||   459
       Iskenderun's Batt |       |       |       |     5 |    80 |    41 |    67 |    30 ||   223
       Fulminant Prism   |       |       |       |     1 |       |       |       |       ||     1
       Iron Shot         |       |       |       |       |    32 |   157 |   173 |   151 ||   513
       Fireball          |       |       |       |       |     8 |    46 |   186 |    74 ||   314
       Irradiate         |       |       |       |       |     4 |    14 |       |       ||    18
       Passwall          |       |       |       |       |       |     3 |       |       ||     3
       Starburst         |       |       |       |       |       |    19 |    68 |    35 ||   122
       Orb of Destructio |       |       |       |       |       |       |     7 |     5 ||    12
       Lehudib's Crystal |       |       |       |       |       |       |     1 |    20 ||    21
       Swiftness         |       |       |       |       |       |       |       |     2 ||     2
Evoke: Wand              |       |       |       |     1 |     8 |     2 |    20 |       ||    31
  Use: Scroll            |     1 |       |    13 |    10 |     9 |    14 |    10 |     6 ||    63
       Potion            |       |       |     2 |     3 |     3 |       |    14 |       ||    22
 Stab: Sleeping          |     1 |     5 |     2 |     2 |     1 |       |       |       ||    11
Armor: Robe              |    39 |   108 |       |       |       |       |       |       ||   147
       Leather armour    |       |     9 |    17 |       |       |       |       |       ||    26
       Ring mail         |       |       |    50 |   109 |   214 |       |       |       ||   373
       Skin              |       |       |     1 |       |     9 |       |       |       ||    10
       Acid dragon scale |       |       |       |    45 |   132 |   174 |   221 |       ||   572
       Fire dragon scale |       |       |       |       |       |    26 |       |       ||    26
       Quicksilver drago |       |       |       |       |       |       |    99 |   146 ||   245
Dodge: Dodged            |    63 |   147 |    75 |   102 |   305 |   250 |   267 |    87 ||  1296
Block: Buckler           |       |    31 |    60 |    68 |   182 |   140 |   214 |    89 ||   784
       Reflection        |       |       |       |       |       |     8 |    23 |    19 ||    50
       Rpst.: Long sword |       |       |       |       |       |    24 |    17 |     8 ||    49

Table legend: (Time is in decaauts)
 A = Elapsed time spent in this place.
 B = Non-inter-level travel time spent in this place.
 C = Inter-level travel time spent in this place.
 D = Time resting spent in this place.
 E = Time spent auto-exploring this place.
 F = Levels seen in this place.
 G = Mean time per level.
                   A        B        C        D        E       F      G
               +--------+--------+--------+--------+--------+-----+--------+
         Total |  83603 |  79214 |   4389 |  36638 |  27802 |  43 | 1944.3 |
       Dungeon |  29500 |  27185 |   2315 |  12182 |  10385 |  15 | 1966.7 |
        Temple |    348 |    280 |     68 |      0 |    278 |   1 |  348.0 |
          Lair |  10668 |  10091 |    577 |   3219 |   5460 |   6 | 1778.0 |
        Shoals |   6687 |   6460 |    227 |   3221 |   1705 |   4 | 1671.8 |
     Snake Pit |  12176 |  11874 |    302 |   6306 |   3472 |   4 | 3044.0 |
  Orcish Mines |   4245 |   4067 |    178 |   1793 |   1406 |   2 | 2122.5 |
        Vaults |  13558 |  12878 |    680 |   6727 |   3733 |   4 | 3389.5 |
        Depths |   3254 |   3214 |     40 |   1102 |   1264 |   3 | 1084.7 |
          Hell |      1 |      1 |      0 |      0 |      0 |   1 |    1.0 |
         Abyss |    753 |    753 |      0 |    357 |     74 |   1 |  753.0 |
      Ice Cave |   1640 |   1640 |      0 |   1200 |     12 |   1 | 1640.0 |
       Volcano |    768 |    768 |      0 |    530 |     13 |   1 |  768.0 |
               +--------+--------+--------+--------+--------+-----+--------+

Top non-repeatable levels by time:
    D:14: 6072 daAuts
Vaults:1: 3869 daAuts
 Snake:4: 3843 daAuts
Vaults:2: 3710 daAuts
Vaults:3: 3670 daAuts
 Snake:1: 3097 daAuts
 Snake:2: 3031 daAuts
  Lair:6: 2606 daAuts
    D:15: 2453 daAuts
Shoals:4: 2400 daAuts
Vaults:4: 2308 daAuts
 Snake:3: 2203 daAuts
   Orc:2: 2188 daAuts
  Lair:5: 2143 daAuts
   Orc:1: 2057 daAuts
